Map: Frost LE

Players

llllllllllll - Winner!

  • Race: Protoss Protoss
  • League: Diamond

RebelCincy

  • Race: Terran Terran
  • League: Diamond

VOD

Have the link to the VOD?

Description

Time

  • Played on: Sept. 22, 2016, 6:15 p.m.
  • Length: 13:31
Show
View Real Time Build Order
Export as new Build Order

llllllllllll Protoss - Winner!

Build Orders: Oracle Opening 

Get SALT Encoding   

  12  0:01  Probe (Chrono Boost)  
  13  0:11  Probe (Chrono Boost)  
  14  0:18  Pylon  
  14  0:22  Probe (Chrono Boost)  
  15  0:36  Probe (Chrono Boost)  
  15  0:41  Gateway  
  16  0:47  Probe (Chrono Boost)  
  17  0:54  Assimilator  
  17  0:57  Probe (Chrono Boost)  
  18  1:06  Assimilator  
  18  1:08  Probe (Chrono Boost)  
  20  1:18  Probe (Chrono Boost)  
  20  1:29  Cybernetics Core, Probe (Chrono Boost)  
  21  1:35  Pylon  
  21  1:39  Probe (Chrono Boost)  
  22  1:48  Pylon  
  22  1:51  Probe (Chrono Boost)  
  23  2:06  Mothership Core (Chrono Boost)  
  25  2:09  Gateway  
  25  2:10  Gateway  
  25  2:21  Gateway  
  24  2:38  Nexus  
  24  2:40  Pylon  
  24  2:41  Stalker  
  26  2:50  Stargate  
  26  3:01  Probe (Chrono Boost)  
  27  3:10  Stalker  
  29  3:21  Pylon  
  29  3:33  Oracle  
  32  3:47  Probe (Chrono Boost)  
  33  3:50  Stalker  
  33  3:51  Probe (Chrono Boost)  
  36  3:59  Probe (Chrono Boost)  
  36  4:00  Stargate  
  36  4:01  Probe (Chrono Boost)  
  38  4:12  Probe (Chrono Boost)  
  38  4:13  Probe (Chrono Boost)  
  38  4:21  Void Ray  
  42  4:25  Probe (Chrono Boost)  
  42  4:26  Probe (Chrono Boost)  
  43  4:36  Probe (Chrono Boost)  
  43  4:37  Probe (Chrono Boost)  
  43  4:38  Assimilator  
  45  4:40  Assimilator  
  45  4:47  Probe (Chrono Boost)  
  45  4:49  Probe (Chrono Boost)  
  47  4:53  Void Ray  
  51  5:00  Probe (Chrono Boost)  
  51  5:02  Probe (Chrono Boost)  
  47  5:41  Void Ray  
  51  5:46  Probe (Chrono Boost)  
  52  5:54  Probe (Chrono Boost)  
  54  5:57  Probe (Chrono Boost)  
  54  5:58  Void Ray  
  58  6:07  Probe (Chrono Boost)  
  58  6:08  Probe (Chrono Boost)  
  61  6:18  Robotics Facility  
  61  6:19  Probe x2 (Chrono Boost)  
  62  6:58  Forge  
  62  7:02  Pylon  
  62  7:05  Probe (Chrono Boost)  
  62  7:07  Probe (Chrono Boost)  
  61  7:12  Void Ray  
  61  7:19  Probe (Chrono Boost)  
  61  7:21  Probe (Chrono Boost)  
  55  7:24  Void Ray, Zealot  
  61  7:32  Probe (Chrono Boost)  
  61  7:35  Photon Cannon  
  61  7:36  Photon Cannon  
  62  7:38  Photon Cannon  
  62  7:39  Pylon  
  62  7:41  Nexus  
  62  7:42  Probe (Chrono Boost)  
  63  7:51  Robotics Bay  
  63  7:54  Pylon  
  63  7:55  Void Ray, Pylon  
  67  8:01  Mothership Core (Chrono Boost)  
  69  8:09  Pylon  
  69  8:14  Void Ray  
  73  8:23  Robotics Facility  
  73  8:34  Warp Gate  
  72  8:38  Colossus  
  72  8:39  Extended Thermal Lance  
  78  8:48  Void Ray  
  82  8:56  Pylon  
  82  8:57  Pylon  
  82  8:59  Pylon  
  82  9:00  Pylon  
  82  9:13  Colossus  
  82  9:16  Void Ray  
  90  9:45  Colossus  
  90  9:49  Void Ray  
  100  10:11  Nexus, Pylon  
  100  10:18  Colossus, Pylon  
  88  10:27  Void Ray  
  98  10:33  Photon Cannon  
  98  10:38  Photon Cannon  
  98  10:39  Colossus, Photon Cannon  
  94  11:27  Colossus  
  90  11:34  Void Ray x2  
  100  11:41  Immortal  
  104  11:53  Probe (Chrono Boost)  
  104  11:54  Probe x2 (Chrono Boost)  
  107  12:04  Probe (Chrono Boost)  
  107  12:06  Probe x2 (Chrono Boost)  
  110  12:15  Nexus, Probe (Chrono Boost)  
  111  12:18  Void Ray x2, Probe (Chrono Boost)  
  122  12:33  Colossus, Mothership Core (Chrono Boost)  
  128  12:44  Assimilator  
  128  12:46  Assimilator  
  128  12:49  Photon Cannon  
  128  12:53  Photon Cannon x2  
  128  13:02  Pylon  
  132  13:07  Zealot  
Show
View Real Time Build Order
Export as new Build Order

RebelCincy Terran 

Build Orders: MMM Bio 

Get SALT Encoding   

  12  0:00  SCV  
  13  0:13  SCV  
  14  0:17  Supply Depot  
  14  0:25  SCV  
  15  0:38  SCV  
  15  0:40  Barracks  
  16  0:44  Refinery  
  16  0:50  SCV  
  17  1:01  Barracks  
  17  1:04  SCV  
  18  1:16  SCV  
  19  1:29  Reaper, Orbital Command  
  20  1:48  Reaper  
  20  1:51  Supply Depot  
  21  2:01  SCV  
  21  2:04  Reaper  
  23  2:14  SCV  
  24  2:21  Command Center  
  24  2:34  SCV  
  24  2:36  Refinery  
  25  2:38  Barracks Tech Lab  
  25  2:40  Barracks  
  25  2:44  Barracks Reactor  
  25  2:46  SCV  
  25  2:57  Marine  
  25  2:58  SCV  
  27  3:01  Engineering Bay  
  27  3:05  Stimpack  
  27  3:10  SCV  
  28  3:15  Marine  
  29  3:22  SCV  
  29  3:24  Marine  
  31  3:32  Marine  
  31  3:34  Bunker  
  32  3:39  Marine x2  
  33  3:42  Factory  
  33  3:43  SCV  
  33  3:47  Orbital Command  
  34  3:52  Marine  
  34  3:53  Marine  
  36  4:00  Terran Infantry Weapons Level 1  
  36  4:02  SCV  
  37  4:10  Missile Turret  
  37  4:13  Missile Turret  
  37  4:20  SCV  
  37  4:21  SCV  
  37  4:24  Marine x3  
  37  4:27  Marine  
  41  4:34  Starport  
  41  4:35  Factory Reactor  
  42  4:38  SCV  
  42  4:39  SCV  
  43  4:47  Missile Turret  
  43  4:49  Marine x2  
  43  4:52  Barracks Tech Lab, Marine  
  46  4:56  Supply Depot  
  46  4:59  Supply Depot  
  46  5:10  SCV  
  46  5:15  SCV  
  45  5:22  Marine x2  
  45  5:25  Combat Shields  
  45  5:27  Concussive Shells  
  47  5:30  Medivac x2  
  47  5:34  SCV  
  52  5:37  Supply Depot, SCV  
  53  5:44  Supply Depot  
  53  5:47  Engineering Bay  
  53  5:54  Marauder x2, Marine  
  53  5:55  Marine  
  59  5:57  SCV  
  59  5:59  SCV  
  61  6:09  SCV  
  62  6:15  Barracks  
  62  6:16  Barracks  
  62  6:24  Marine x2  
  62  6:25  Marauder x2  
  68  6:26  Widow Mine  
  68  6:27  SCV x2  
  68  6:28  Terran Infantry Armor Level 1  
  72  6:39  SCV x2  
  73  6:42  Marine x2  
  73  6:46  Marauder x2  
  72  7:03  Marine x2  
  72  7:07  Marauder  
  56  7:26  Marauder, Marine x2  
  56  7:29  Marauder  
  62  7:31  Command Center  
  62  7:33  SCV x2  
  62  7:36  Refinery  
  64  7:37  Refinery  
  64  7:44  Armory  
  64  7:46  Barracks Reactor  
  64  7:47  Marauder, Marine x2  
  64  7:49  Factory Reactor  
  68  7:51  Medivac  
  70  8:07  Barracks Reactor  
  70  8:11  Marauder, Marine x2  
  70  8:12  Marauder  
  76  8:14  SCV x2  
  76  8:16  Supply Depot  
  76  8:18  Supply Depot  
  78  8:38  Widow Mine x2, Marauder x2, Marine x4  
  78  8:39  Medivac x2  
  94  8:42  Supply Depot  
  94  8:44  Supply Depot  
  94  8:57  SCV x2  
  94  8:58  Marine x4  
  94  9:00  Marauder  
  102  9:03  Missile Turret  
  102  9:06  Marine x2  
  102  9:07  Marine  
  104  9:16  Marine  
  105  9:28  Missile Turret  
  105  9:31  Marauder x2, Marine x2  
  110  9:33  Missile Turret  
  110  9:41  Marine x3  
  110  9:42  Marine  
  113  9:49  Marine x2  
  113  9:52  Marine  
  84  10:22  Marine x2  
  86  10:39  Command Center x2  
  86  10:41  Missile Turret  
  86  10:45  SCV, Marine x2  
  86  10:46  Marine x5  
  94  10:51  SCV  
  95  10:57  Widow Mine x2, SCV  
  82  11:23  Marine x2  
  76  11:31  Marine x4  
  78  11:46  Missile Turret x2  
  78  11:51  Marine x6  
  78  11:52  Marine  
  78  11:53  Orbital Command  
  85  11:59  Marine  
  88  12:03  Medivac x2  
  90  12:09  Marine  
  90  12:13  Widow Mine x2, Supply Depot x2  
  90  12:14  Marine  
  96  12:19  Missile Turret  
  96  12:23  SCV  
  97  12:30  Marine x2  
  97  12:31  Marine x2  
  97  12:52  Missile Turret  
  63  12:59  Viking x2  
  63  13:02  Marauder x2, Marine x2  
  73  13:10  Marine x3  
Tags
 
Add a new tag
Caveats
  • Supply blocks, unpowered buildings, or Contaminate may cause inaccurate times.
  • Supply counts are checked every 10 seconds.